 Dungeon Crawl Stone Soup version 0.30-a0-1-g69b7b797bf (webtiles) character file.

Game seed: 5487187474657261375

15960 Chaoticenjoyer the Cleaver (level 12, -2/107 (110) HPs)
             Began as a Minotaur Berserker on Aug 18, 2022.
             Was a High Priest of Trog.
             Killed from afar by Josephine (19 damage)
             ... with a ghostly fireball
             ... on level 11 of the Dungeon on Aug 19, 2022.
             The game lasted 01:24:14 (10049 turns).

Chaoticenjoyer the Cleaver (Minotaur Berserker)    Turns: 10049, Time: 01:24:19

HP:   -2/107 (110)  AC: 17    Str: 35    XL:     12   Next: 5%
MP:   20/20         EV: 12    Int:  4    God:    Trog [*****.]
Gold: 660           SH:  0    Dex: 14    Spells: 11/11 levels left

rFire   . . .      SeeInvis +    y - +7 hand axe of Fortitude {drain, MP+9 Str+3 Dex+3 Stlth+}
rCold   . . .      Faith    .    (no shield)
rNeg    . . .      Spirit   .    P - +0 plate armour
rPois   .          Reflect  .    N - +2 hat {SInv}
rElec   .          Harm     .    p - scarf {+Inv}
rCorr   +          Rampage  .    (no gloves)
Will    ++...                    (no boots)
Stlth   ..........               (no amulet)
HPRegen 1.27/turn                M - +6 ring of strength
MPRegen 0.17/turn                L - ring of resist corrosion

@: mighty, marked, strong-willed, on berserk cooldown, regenerating, hasted and
slowed, lightly drained
A: horns 2, retaliatory headbutt, camouflage 1, passive freeze
a: Renounce Religion, Evoke Invisibility, Berserk, Trog's Hand, Brothers in Arms


You were on level 11 of the Dungeon.
You worshipped Trog.
Trog was extremely pleased with you.
You visited 1 branch of the dungeon, and saw 11 of its levels.

You collected 660 gold pieces.

Inventory:

Hand Weapons
 e - a +2 vampiric short sword
 f - the +12 great sword of Bozxoecuca {elec, Fly rF+ Will- Int+2}
   (You found it on level 9 of the Dungeon)

   It occasionally discharges a powerful burst of electricity upon striking a
   foe.
   Int:       It affects your intelligence (+2).
   rF:        It protects you from fire.
   Fly:       It grants you flight.
   Will:      It decreases your willpower.
 h - a +3 scimitar of flaming
 m - a +2 spectral quarterstaff
 y - the +7 hand axe of Fortitude (weapon) {drain, MP+9 Str+3 Dex+3 Stlth+}
   (You found it on level 3 of the Dungeon)

   A truly terrible weapon, it drains the life of any living foe it strikes.
   Str:       It affects your strength (+3).
   Dex:       It affects your dexterity (+3).
   MP:        It affects your magic capacity (+9).
   Stlth:     It makes you more stealthy.
 C - a +4 battleaxe of freezing
 I - a +2 dagger of speed
 J - a +2 war axe
 K - a +0 shortbow
Missiles
 g - 78 stones
 v - 20 poisoned darts
 x - 3 silver javelins
 G - 2 throwing nets
Armour
 a - an orb of light
 p - a scarf of invisibility (worn)
 q - a +4 ring mail of cold resistance
 r - a +0 troll leather armour
 N - a +2 hat of see invisible (worn)
 P - a +0 plate armour (worn)
 Z - a +2 robe of fire resistance
Jewellery
 o - a +4 ring of evasion
 w - a ring of positive energy
 D - a ring of willpower
 L - a ring of resist corrosion (right hand)
 M - a +6 ring of strength (left hand)
 Q - a ring of protection from cold
Wands
 b - a wand of mindburst (8)
 l - a wand of quicksilver (11)
 t - a wand of roots (2)
 H - a wand of digging (4)
 W - a wand of flame (3)
 Y - a wand of polymorph (4)
Scrolls
 c - 6 scrolls of teleportation
 j - a scroll of amnesia
 A - 3 scrolls of fear
 B - 2 scrolls of brand weapon
 E - 4 scrolls of vulnerability
 F - a scroll of immolation
 O - 2 scrolls of poison
 S - 3 scrolls of noise
 U - 2 scrolls of blinking {unknown}
Potions
 d - 2 potions of haste
 i - a potion of might
 k - 2 potions of flight
 n - 3 potions of brilliance
 z - 2 potions of curing
 T - 2 potions of degeneration {unknown}
Miscellaneous
 s - a condenser vane


   Skills:
 * Level 11.5 Fighting
 + Level 13.5(13.9) Axes
 - Level 5.3(10.2) Maces & Flails
 * Level 12.9 Armour
 * Level 8.2 Dodging
 + Level 0.7 Evocations


You had 11 spell levels left.
You didn't know any spells.
Your spell library contained the following spells:

 Spells                   Type           Power      Damage    Failure   Level
 Sandblast                Erth           0%         2d4       95%         1
 Passwall                 Tmut/Erth      0%         N/A       99%         2
 Scorch                   Fire           0%         2d5       99%         2
 Stone Arrow              Conj/Erth      0%         3d7       100%        3
 Flame Wave               Conj/Fire      0%         2d4       100%        4
 Summon Cactus Giant      Summ           0%         N/A       100%        6


Dungeon Overview and Level Annotations

Branches:
Dungeon (11/15)            Temple (0/1) D:4
   Lair: D:8-11         Orc: D:9-12

Altars:
Ashenzari
Gozag
Hepliaklqana
Nemelex Xobeh
Uskayaw
Vehumet
Xom
Yredelemnul
Zin

Shops:
D:6 (

Annotations:
D:10 1 runed translucent door
D:11 Josephine, Urug


Innate Abilities, Weirdness & Mutations

You have a pair of horns on your head.
You reflexively headbutt those who attack you in melee.
Your skin changes colour to match your surroundings (Stealth+).
A frigid envelope surrounds you and freezes all who hurt you.


Message History

The vampire mosquito is severely damaged.
The orc wizard gestures wildly while chanting.
The orc wizard flickers and vanishes for a moment.
A wraith comes into view. x2
The vampire mosquito barely misses you. You furiously retaliate!
You headbutt the vampire mosquito!
You destroy the vampire mosquito!
Trog accepts your kill.
An electric eel comes into view.
Really read the scroll of immolation?
As you read the scroll of immolation, it crumbles to dust.
The creatures around you are filled with an inner flame!
The electric eel shoots out a bolt of lightning at you!
The bolt of electricity hits you!
* * * LOW HITPOINT WARNING * * *
The orc begs, "Please don't kill me!"
The electric eel shoots out a bolt of lightning at you!
The bolt of electricity hits you but does no damage.
The wraith hits you but does no damage.
The wraith resists.
The wraith is very cold.
Flame seeps out of the wraith.
The wraith is lightly damaged.
You feel better.
The wraith is engulfed in blazing flames.
Flame seeps out of the wraith.
The wraith barely misses you. You furiously retaliate!
You headbutt the wraith, but do no damage.
You feel yourself speed up.
The cyclops seems to regain its courage.
The wraith completely misses you.
The electric eel shoots out a bolt of lightning at you!
The bolt of electricity misses you. Josephine casts a spell at you.
The ghostly flame explodes!
The ghostly fireball engulfs the wraith.
The wraith completely resists.
The ghostly fireball engulfs the wraith.
The wraith completely resists.
The ghostly fireball engulfs Josephine.
Josephine completely resists.
The ghostly fireball engulfs you!!
You feel drained.
You die...

..###.....#
..#.#...#.######
###.###........#
#⌠...⌠#........#
#.)†..###......#
..)<....#.....)#
#....)###.....)#########
#⌠...⌠#......W.††.......
###.###.......@W@†)C.o..
.e#.#.........W###......
#.###....####### S....
... ....... ..~. ...
......## ≈.~ ..###... ≈~
.# ##. ~


You could see Josephine (inner flame), a cyclops (inner flame), 3 wraiths, an
electric eel (inner flame) and an orc wizard (inner flame, invisible, fleeing).

Vanquished Creatures
  Fannar (D:11)
  3 two-headed ogres
  Sonja (D:11)
  Pikel (D:7)
  A manticore (D:11)
  Maurice (D:10)
  A gargoyle (D:11)
  An unseen horror (D:11)
  4 kobold demonologists
  4 unseen horror zombies (D:9)
  A komodo dragon (D:8)
  An efreet (D:8)
  A troll (D:11)
  Grinder (D:6)
  A vampire (D:11)
  A water elemental (D:11)
  3 wraiths (D:10)
  A human (shapeshifter) (D:8)
  11 yaks (D:10)
  3 steam dragons
  2 vampire mosquitoes (D:11)
  Duvessa (D:4)
  An orc warrior (D:8)
  An ice beast (D:8)
  2 black bears (D:5)
  2 sky beasts
  2 ogres (D:6)
  A wolf (D:11)
  5 centaurs
  A phantom (D:6)
  2 kobold brigands
  3 bullfrogs
  A necrophage (D:7)
  A gnoll sergeant (D:7)
  3 scorpions
  17 wights
  Dowan (D:4)
  22 killer bees
  6 howler monkeys
  2 centaur zombies (D:9)
  9 hounds
  A jelly (D:4)
  A gnoll bouda (D:6)
  4 orc priests
  Terence (D:2)
  Jessica (D:3)
  An iguana (D:5)
  8 orc wizards
  15 gnolls
  6 adders
  A shadow imp (D:7)
  2 white imps
  3 ufetubi
  4 worms (D:2)
  2 dart slugs
  33 orcs
  8 ball pythons
  4 endoplasms
  A giant cockroach (D:1)
  6 goblins
  4 hobgoblins
  3 jackals (D:4)
  18 kobolds
  3 quokkas
  2 training dummies (D:4)
  3 bats
  A frilled lizard (D:2)
  A rat (D:2)
  2 bushes (D:6)
266 creatures vanquished.

Vanquished Creatures (others)
  A vampire mosquito (D:11)
  An orc (D:11)
  A fungus (D:1)
  26 plants
  8 withered plants (D:9)
37 creatures vanquished.

Grand Total: 303 creatures vanquished

Notes
Turn   | Place    | Note
-------+----------+-------------------------------------------
     0 | D:1      | Chaoticenjoyer the Minotaur Berserker began the quest for
                  | the Orb.
     0 | D:1      | Reached XP level 1. HP: 19/19 MP: 0/0
   358 | D:1      | Reached XP level 2. HP: 27/27 MP: 1/1
  1078 | D:2      | Reached XP level 3. HP: 33/33 MP: 2/2
  1146 | D:2      | Found a broken altar of Ashenzari.
  1347 | D:2      | Reached XP level 4. HP: 34/41 MP: 3/3
  1443 | D:2      | Noticed Terence
  1474 | D:2      | Killed Terence
  1475 | D:2      | Reached skill level 5 in Maces & Flails
  1747 | D:3      | Noticed Jessica
  1751 | D:3      | Killed Jessica
  1895 | D:3      | Reached XP level 5. HP: 47/47 MP: 4/4
  2172 | D:3      | Identified the +7 hand axe of Fortitude {drain, MP+9 Str+3
                  | Dex+3 Stlth+}
  2214 | D:3      | Reached ** piety under Trog
  2574 | D:4      | Found a staircase to the Ecumenical Temple.
  2617 | D:4      | Reached skill level 5 in Fighting
  2617 | D:4      | Reached skill level 1 in Axes
  2620 | D:4      | Found a radiant altar of Vehumet.
  2722 | D:4      | Reached skill level 2 in Axes
  2722 | D:4      | Reached XP level 6. HP: 37/56 MP: 5/5
  3070 | D:4      | Reached skill level 3 in Axes
  3151 | D:4      | Reached skill level 5 in Armour
  3317 | D:4      | Noticed Dowan
  3323 | D:4      | Killed Dowan
  3323 | D:4      | Noticed Duvessa
  3324 | D:4      | Reached XP level 7. HP: 61/61 MP: 6/6
  3331 | D:4      | Killed Duvessa
  3332 | D:4      | Reached skill level 4 in Axes
  3538 | D:5      | Entered Level 5 of the Dungeon
  3549 | D:5      | Reached skill level 5 in Axes
  3778 | D:5      | Reached skill level 6 in Axes
  3779 | D:5      | Reached *** piety under Trog
  4143 | D:5      | Reached XP level 8. HP: 61/70 MP: 7/7
  4502 | D:6      | Noticed Grinder
  4504 | D:6      | Reached skill level 7 in Axes
  4516 | D:6      | Killed Grinder
  4561 | D:6      | HP: 3/109 [gnoll/+0 halberd[a gnoll bouda] (9)]
  4986 | D:6      | Reached skill level 8 in Axes
  5066 | D:6      | Found a shimmering altar of Xom.
  5081 | D:6      | Reached XP level 9. HP: 73/79 MP: 8/8
  5234 | D:6      | Found Xuxt's Antique Weapon Shop.
  5391 | D:7      | Noticed Pikel
  5398 | D:7      | Killed Pikel
  5399 | D:7      | Reached skill level 9 in Axes
  5455 | D:7      | Reached skill level 10 in Axes
  6057 | D:7      | Found a sand-covered staircase.
  6156 | D:7      | Gained mutation: You passively dampen the noise of your
                  | surroundings. [potion of mutation]
  6156 | D:7      | Gained mutation: Armour fits poorly on your strangely
                  | shaped body. [potion of mutation]
  6163 | D:7      | Lost mutation: Armour fits poorly on your strangely shaped
                  | body. [potion of mutation]
  6163 | D:7      | Lost mutation: You passively dampen the noise of your
                  | surroundings. [potion of mutation]
  6163 | D:7      | Gained mutation: Your body sometimes deteriorates upon
                  | taking damage. [potion of mutation]
  6166 | D:7      | Lost mutation: Your body sometimes deteriorates upon taking
                  | damage. [potion of mutation]
  6166 | D:7      | Gained mutation: Your skin changes colour to match your
                  | surroundings (Stealth+). [potion of mutation]
  6166 | D:7      | Gained mutation: A frigid envelope surrounds you and
                  | freezes all who hurt you. [potion of mutation]
  6272 | D:8      | Found an opulent altar of Gozag.
  6355 | D:8      | Found a basalt altar of Yredelemnul.
  6371 | D:8      | Noticed an efreet
  6402 | D:8      | Noticed a troll
  6415 | D:8      | Reached skill level 5 in Dodging
  6435 | D:8      | a troll changed into a human
  6443 | D:8      | Noticed a kobold demonologist
  6445 | D:8      | Noticed a komodo dragon
  6456 | D:8      | Killed an efreet
  6457 | D:8      | Reached XP level 10. HP: 23/90 MP: 9/9
  6458 | D:8      | Reached **** piety under Trog
  6901 | D:8      | Noticed a rust devil
  6926 | D:8      | Reached skill level 11 in Axes
  7848 | D:9      | Reached skill level 10 in Armour
  8139 | D:9      | Reached skill level 10 in Fighting
  8407 | D:9      | Reached XP level 11. HP: 90/99 MP: 10/10
  8543 | D:9      | Identified the +12 great sword of Bozxoecuca {elec, Fly rF+
                  | Will- Int+2}
  9040 | D:10     | Entered Level 10 of the Dungeon
  9040 | D:10     | Noticed a two-headed ogre
  9048 | D:10     | Killed a two-headed ogre
  9103 | D:10     | Noticed Maurice
  9114 | D:10     | Killed Maurice
  9115 | D:10     | Reached skill level 12 in Axes
  9124 | D:10     | Identified the +5 dagger of Infinite Pain {freeze, rCorr
                  | Str+2 SInv}
  9408 | D:10     | Found a glowing silver altar of Zin.
  9469 | D:10     | Reached ***** piety under Trog
  9530 | D:10     | Found a runed translucent door.
  9536 | D:10     | Noticed a sixfirhy
  9858 | D:10     | Found a hazy altar of Hepliaklqana.
  9861 | D:10     | Found a hide-covered altar of Uskayaw.
  9863 | D:10     | Found a sparkling altar of Nemelex Xobeh.
  9922 | D:11     | Noticed a two-headed ogre
  9922 | D:11     | Noticed a two-headed ogre
  9922 | D:11     | Noticed Fannar
  9926 | D:11     | Killed a two-headed ogre
  9929 | D:11     | Killed a two-headed ogre
 10017 | D:11     | Noticed Sonja
 10022 | D:11     | Reached skill level 13 in Axes
 10029 | D:11     | Killed Sonja
 10033 | D:11     | Killed Fannar
 10035 | D:11     | Reached XP level 12. HP: 106/110 MP: 11/11
 10041 | D:11     | Noticed Urug
 10045 | D:11     | Noticed Josephine
 10047 | D:11     | HP: 3/110 [electric eel/bolt of electricity (13)]
 10049 | D:11     | Killed from afar by Josephine

Illustrated notes

Levels and vault maps discovered:
D:1:      wander_arrival_fairy_ring, layout_loops_ring, minmay_fountain_box
D:2:      layout_basic, basic_altar, shapermc_ecumenical_altar_totnotflames,
          uniq_terence
D:3:      layout_loops_corners, kennysheep_generic_room_4, uniq_jessica
D:4:      dreamdust_elfheim, layout_loops_ring, nicolae_vehumet_radiance,
          minmay_temple_entry_gardened_gates
D:5:      layout_cave_pools, serial_bayou_pond_c, hangedman_abyss_or_decor_stabs
D:6:      layout_rooms, mainiacjoe_overflow_tiny_flanked, serial_shops, shop,
          uniq_grinder
D:7:      layout_cave_pools, enter_ossuary_2, uniq_pikel
D:8:      layout_basic, yredelemnul_altar_generic,
          nicolae_overflow_crystal_walls, enter_bailey_2, minmay_diamond_spiral
D:9:      layout_loops_corners, serial_undead, serial_undead_d, serial_undead_e,
          serial_undead_e, serial_undead_b, serial_undead_a, serial_undead_c
D:10:     cheibrodos_shockbox, layout_loops_ring,
          nicolae_overflow_hidden_temple, uniq_maurice
D:11:     layout_rooms, erik_lair_island, orc_0_dummy, gauntlet_entry_generic,
          nicolae_fountain_basement, uniq_josephine, uniq_urug, uniq_sonja,
          uniq_fannar

Skill      XL: |  1  2  3  4  5  6  7  8  9 10 11 |
---------------+----------------------------------+-----
Fighting       | 4 5 6 7 8 10 11 | 11.5
Maces & Flails | 4 5 |  5.3
Armour         | 3 4 5 6 7 8 11 12 | 12.9
Axes           | 2 3 6 8 10 11 13 | 13.5
Dodging        | 3 4 5 6 8 |  8.2
Evocations     | |  0.7

Action                   |  1- 3 |  4- 6 |  7- 9 | 10-12 || total
-------------------------+-------+-------+-------+-------++-------
Melee: Mace              |    82 |    27 |       |       ||   109
       Headbutt          |    13 |    15 |    53 |    66 ||   147
       Punch             |     1 |     1 |     2 |       ||     4
       Club              |       |    10 |       |       ||    10
       Hand axe          |       |    50 |   208 |   257 ||   515
Throw: Throwing net      |     1 |       |       |       ||     1
Invok: Berserk           |     2 |     2 |     5 |     3 ||    12
       Trog's Hand       |       |       |     2 |     1 ||     3
Evoke: Wand              |       |       |     4 |     1 ||     5
       Condenser vane    |       |       |       |     2 ||     2
  Use: Potion            |     1 |     1 |    12 |     9 ||    23
       Scroll            |       |     4 |     7 |     4 ||    15
 Stab: Held in net/web   |     1 |       |       |       ||     1
       Invisible         |       |       |       |     1 ||     1
Armor: Leather armour    |    17 |       |       |       ||    17
       Animal skin       |     2 |       |       |       ||     2
       Ring mail         |     9 |     7 |       |       ||    16
       Scale mail        |       |    27 |    49 |       ||    76
       Plate armour      |       |       |    23 |    94 ||   117
Dodge: Dodged            |    40 |    58 |   110 |   133 ||   341

Table legend: (Time is in decaauts)
 A = Elapsed time spent in this place.
 B = Non-inter-level travel time spent in this place.
 C = Inter-level travel time spent in this place.
 D = Time resting spent in this place.
 E = Time spent auto-exploring this place.
 F = Levels seen in this place.
 G = Mean time per level.
                   A        B        C        D        E       F      G
               +--------+--------+--------+--------+--------+-----+--------+
         Total |  10126 |   9967 |    159 |   1646 |   3728 |  11 |  920.5 |
       Dungeon |  10126 |   9967 |    159 |   1646 |   3728 |  11 |  920.5 |
               +--------+--------+--------+--------+--------+-----+--------+

Top non-repeatable levels by time:
     D:9: 1467 daAuts
     D:8: 1292 daAuts
     D:4: 1047 daAuts
     D:1: 980 daAuts
     D:6: 965 daAuts
     D:3: 909 daAuts
     D:5: 900 daAuts
     D:7: 888 daAuts
    D:10: 873 daAuts
     D:2: 682 daAuts
    D:11: 118 daAuts
